 Dungeon Crawl Stone Soup version 0.17-a0-18-gc25b939 (webtiles) character file.

73 Chiseanne the Ogre Mage (level 4, -3/41 HPs)
             Began as an Ogre Enchanter on Mar 11, 2015.
             Slain by an iron imp (8 damage)
             ... summoned by Natasha
             ... on level 3 of the Dungeon.
             The game lasted 00:07:23 (3207 turns).

Chiseanne the Ogre Mage (Ogre Enchanter)            Turns: 3207, Time: 00:07:23

Health: -3/41      AC:  4    Str: 13    XL:     4   Next: 27%
Magic:  2/9        EV: 10    Int: 14    God:
Gold:   146        SH:  0    Dex: 11    Spells: 2 memorised, 6 levels left

rFire  . . .     SeeInvis .     a - +0 trident
rCold  . . .     Clarity  .     b - +1 robe
rNeg   . . .     SustAb   .     (shield restricted)
rPois  .         Gourm    .     (helmet restricted)
rElec  .         Spirit   .     (no cloak)
rCorr  .         Warding  .     (gloves unavailable)
rMut   .         Stasis   .     (boots unavailable)
MR     .....                    (no amulet)
Stlth  ++........               (no ring)
                                (no ring)

@: very slightly contaminated, not resistant to hostile enchantments, unstealthy
A: unfitting armour, tough skin 1
a: no special abilities


You were on level 3 of the Dungeon.
You were not hungry.

You visited 1 branch of the dungeon, and saw 3 of its levels.

You collected 146 gold pieces.

Inventory:

Hand weapons
 a - a +0 trident (weapon)
 d - a +1 hunting sling of freezing
Missiles
 e - 48 arrows
 k - 19 arrows of flame
 m - 11 arrows of frost
Armour
 b - a +1 robe (worn)
Magical devices
 j - a wand of digging (9)
Scrolls
 l - a scroll of identify
Potions
 h - 4 potions of heal wounds
 i - 2 potions of flight
 o - a potion of curing
 q - a potion of lignification {unknown}
Books
 c - a book of Maledictions

   Spells                             Type                      Level
   a - Corona                         Hexes                        1
   b - Sure Blade                     Hexes/Charms                 2
   c - Ensorcelled Hibernation        Hexes/Ice                    2
   d - Confuse                        Hexes                        3
   e - Dazzling Spray                 Conjuration/Hexes            3
   f - Enslavement                    Hexes                        4
Comestibles
 f - 4 fruits
 g - 3 bread rations
 n - a beef jerky
 p - a slice of pizza
 r - a royal jelly


   Skills:
 * Level 1.0 Fighting
   Level 0.5 Short Blades
 * Level 1.3 Throwing
 * Level 2.5 Dodging
 - Level 2.4 Stealth
 * Level 3.0 Spellcasting
 * Level 2.7 Hexes


You had 6 spell levels left.
You knew the following spells:

 Your Spells              Type           Power        Failure   Level  Hunger
a - Corona                Hex            #......      10%         1    #......
b - Ensorcelled Hibernat  Hex/Ice        #.....       21%         2    ##.....


Dungeon Overview and Level Annotations

Branches:
Dungeon (3/15)

Altars:
Nemelex Xobeh

Annotations:
D:3 Natasha


Innate Abilities, Weirdness & Mutations

You are too large for most types of armour.
You have tough skin (AC +1).


Message History

Natasha barely misses you.
You barely miss Natasha.
Natasha is moderately wounded.
The iron imp barely misses you.
Natasha growls.
Natasha claws you.
You hit Natasha.
Natasha is heavily wounded.
The iron imp hits you. Natasha claws you but does no damage.
You barely miss Natasha.
Natasha is heavily wounded.
Natasha claws you.
* * * LOW HITPOINT WARNING * * *
The iron imp hits you but does no damage.
Natasha claws you.
* * * LOW HITPOINT WARNING * * *
You hit Natasha.
Natasha is heavily wounded.
The iron imp hits you!
You die...

#### #### ...# ..... ...
..#.#.......#####.#
....+.>.......h@5...# ..
....#.........###...# ...
....#.........+.....#....
+##......[.....#.#.#....._.
.##............#.....#....
.##............###...#....
.##..................# ...
.##..................#
.#####.#.......#####.....


You could see an iron imp and Natasha.

Vanquished Creatures
  A worker ant (D:1)
  An adder (D:2)
  A giant gecko (D:2)
  An ooze (D:2)
  A giant cockroach (D:1)
  5 goblins
  3 hobgoblins
  7 bats
  3 giant newts
  10 kobolds
  8 rats
41 creatures vanquished.

Notes
Turn   | Place    | Note
--------------------------------------------------------------
     0 | D:1      | Chiseanne, the Ogre Enchanter, began the quest for the Orb.
     0 | D:1      | Reached XP level 1. HP: 16/16 MP: 3/3
   263 | D:1      | Reached XP level 2. HP: 10/24 MP: 0/5
   429 | D:1      | Learned a level 2 spell: Ensorcelled Hibernation
   905 | D:1      | Reached skill level 1 in Throwing
  1509 | D:1      | Reached XP level 3. HP: 6/31 MP: 0/6
  2390 | D:2      | Reached skill level 3 in Spellcasting
  2390 | D:2      | Reached XP level 4. HP: 35/40 MP: 7/9
  2721 | D:2      | Reached skill level 1 in Fighting
  3170 | D:3      | Noticed Natasha
  3181 | D:3      | Found a sparkling altar of Nemelex Xobeh.
  3207 | D:3      | Slain by an iron imp

Action                   |  1- 3 |  4- 6 || total
-------------------------+-------+-------++-------
Melee: Whip              |   116 |    31 ||   147
       Dagger            |     7 |       ||     7
       Trident           |       |    29 ||    29
 Cast: Corona            |    32 |    15 ||    47
       Ensorcelled Hiber |     9 |     9 ||    18
  Use: Scroll            |     6 |       ||     6
       Potion            |     2 |       ||     2
 Stab: Sleeping          |     5 |     5 ||    10
  Eat: Chunk             |     6 |     1 ||     7
       Meat ration       |       |     1 ||     1
